Map: Catalyst LE

Players

JagrsMullets - Winner!

  • Race: Protoss Protoss
  • Spawn Location: 11:00

A.I. 1 (Hard)

  • Race: Zerg Zerg
  • Spawn Location: 5:00

VOD

Have the link to the VOD?

Description

Time

  • Played on: Dec. 20, 2017, 4:17 a.m.
  • Length: 18:39
Show
View Real Time Build Order
Export as new Build Order

JagrsMullets Protoss - Winner!

Build Orders:  

Get SALT Encoding   

  12  0:02  Probe (Chrono Boost)  
  13  0:11  Probe (Chrono Boost)  
  14  0:16  Probe (Chrono Boost)  
  15  0:24  Pylon  
  15  0:42  Probe  
  16  0:54  Forge, Probe (Chrono Boost)  
  17  1:07  Probe (Chrono Boost)  
  17  1:10  Assimilator  
  18  1:13  Probe (Chrono Boost)  
  19  1:19  Pylon  
  19  1:21  Probe  
  19  1:23  Pylon  
  20  1:33  Probe  
  21  1:45  Probe  
  22  1:47  Photon Cannon  
  22  1:52  Photon Cannon  
  22  1:57  Probe (Chrono Boost)  
  22  2:01  Photon Cannon  
  23  2:26  Gateway  
  23  2:33  Photon Cannon  
  23  2:35  Photon Cannon  
  23  2:57  Nexus  
  23  3:04  Probe (Chrono Boost)  
  24  3:10  Assimilator  
  25  3:14  Probe (Chrono Boost)  
  25  3:19  Probe (Chrono Boost)  
  25  3:21  Cybernetics Core  
  26  3:30  Pylon  
  26  3:42  Pylon  
  26  3:47  Pylon  
  26  3:55  Probe  
  27  4:03  Protoss Air Weapons Level 1  
  27  4:07  Probe  
  28  4:19  Probe  
  29  4:30  Stargate  
  29  4:31  Probe  
  30  4:43  Probe  
  30  4:44  Robotics Facility  
  31  4:51  Photon Cannon  
  31  4:54  Photon Cannon  
  31  5:00  Photon Cannon  
  31  5:09  Probe (Chrono Boost)  
  32  5:21  Probe (Chrono Boost)  
  33  5:26  Probe (Chrono Boost)  
  33  5:27  Fleet Beacon  
  34  5:35  Probe  
  35  5:47  Probe  
  35  5:48  Robotics Bay  
  36  5:56  Assimilator  
  36  5:57  Protoss Air Armor Level 1  
  36  5:58  Assimilator  
  36  6:00  Probe  
  37  6:10  Observer  
  38  6:31  Pylon  
  38  6:37  Photon Cannon  
  38  6:39  Photon Cannon  
  38  6:46  Graviton Catapult  
  38  7:19  Nexus  
  38  7:23  Assimilator  
  38  7:28  Assimilator  
  38  7:32  Probe (Chrono Boost)  
  39  7:41  Observer Gravitic Boosters  
  39  7:42  Probe (Chrono Boost)  
  40  7:47  Protoss Air Weapons Level 2 (Chrono Boost), Probe (Chrono Boost)  
  50  7:59  Mothership (Chrono Boost)  
  50  8:04  Probe (Chrono Boost)  
  50  8:11  Probe (Chrono Boost)  
  51  8:28  Carrier  
  57  8:35  Stargate  
  57  8:39  Stargate  
  57  8:44  Stargate  
  57  9:10  Probe (Chrono Boost)  
  58  9:21  Probe (Chrono Boost)  
  59  9:29  Probe (Chrono Boost)  
  60  9:36  Probe (Chrono Boost)  
  60  9:38  Carrier x2  
  67  9:40  Probe  
  74  9:46  Protoss Air Armor Level 2  
  74  10:14  Carrier x2  
  86  10:24  Pylon  
  86  10:26  Pylon  
  86  10:28  Pylon  
  86  10:31  Pylon  
  86  10:33  Pylon  
  86  10:38  Pylon  
  86  10:42  Pylon  
  86  10:44  Colossus  
  92  10:52  Extended Thermal Lance  
  92  11:21  Carrier x2  
  104  11:34  Probe (Chrono Boost)  
  104  11:37  Colossus  
  111  11:43  Probe (Chrono Boost)  
  112  11:48  Probe  
  113  12:00  Probe  
  114  12:12  Probe  
  115  12:31  Colossus (Chrono Boost)  
  115  12:36  Carrier  
  127  12:51  Probe  
  128  13:03  Carrier x2, Probe  
  141  13:08  Carrier  
  147  13:15  Probe  
  148  13:22  Colossus (Chrono Boost)  
  154  13:27  Probe  
  155  13:39  Protoss Shields Level 1, Probe  
  156  13:49  Protoss Air Weapons Level 3 (Chrono Boost)  
  156  14:24  Pylon x2  
  156  14:26  Pylon  
  156  14:28  Pylon  
  156  14:31  Pylon  
  156  14:32  Carrier  
  156  14:36  Carrier x2  
  156  14:40  Colossus (Chrono Boost)  
  180  14:48  Observer  
  180  14:49  Carrier  
  186  15:27  Colossus (Chrono Boost)  
Show
View Real Time Build Order
Export as new Build Order

A.I. 1 (Hard) Zerg 

Build Orders: Pool Only 

Get SALT Encoding   

  12  0:01  Drone  
  13  0:12  Overlord  
  13  0:17  Drone  
  14  0:31  Drone  
  14  0:32  Drone  
  16  0:42  Spawning Pool  
  16  0:44  Drone  
  16  0:49  Drone  
  17  0:51  Extractor  
  17  0:56  Drone  
  17  1:06  Overlord  
  17  1:29  Queen  
  17  1:31  Zergling x2  
  20  1:36  Zergling x2  
  20  1:37  Roach Warren  
  20  1:38  Drone  
  21  1:41  Extractor  
  20  1:49  Drone  
  21  2:00  Drone  
  22  2:10  Overlord  
  22  2:21  Drone  
  23  2:32  Roach  
  23  2:36  Drone  
  26  2:37  Roach  
  26  2:42  Roach  
  26  2:43  Overlord  
  30  2:55  Roach  
  34  3:05  Roach  
  34  3:07  Drone  
  34  3:10  Roach  
  34  3:12  Overlord  
  37  3:17  Drone  
  38  3:28  Roach  
  38  3:30  Baneling Nest  
  39  3:34  Evolution Chamber  
  39  3:39  Roach  
  39  3:40  Drone  
  41  3:41  Drone  
  41  3:43  Drone  
  43  3:51  Drone  
  44  4:01  Drone  
  45  4:11  Drone  
  46  4:42  Zerg Melee Weapons Level 1, Lair, Overlord  
  46  4:44  Evolution Chamber  
  43  4:45  Drone  
  36  4:59  Roach  
  30  5:09  Zerg Missile Weapons Level 1, Roach  
  32  5:19  Zergling x2  
  33  5:29  Roach  
  35  5:39  Roach  
  35  5:40  Burrow  
  37  5:45  Hydralisk Den, Drone  
  37  5:47  Spore Crawler, Drone  
  37  5:49  Ravager  
  40  5:50  Roach  
  40  6:00  Ravager, Spore Crawler  
  40  6:01  Roach  
  40  6:02  Drone  
  43  6:10  Overseer  
  43  6:13  Hydralisk  
  45  6:18  Overseer  
  45  6:24  Roach  
  34  6:34  Zergling x2  
  34  6:35  Drone  
  34  6:37  Zerg Ground Armor Level 1  
  32  6:41  Drone  
  32  6:44  Roach  
  33  6:49  Drone  
  33  6:50  Queen  
  33  6:52  Drone  
  31  6:54  Roach  
  31  6:57  Drone  
  31  7:01  Drone  
  31  7:11  Drone  
  29  7:18  Ravager  
  29  7:22  Roach, Drone  
  33  7:28  Drone  
  33  7:31  Hydralisk  
  34  7:42  Roach  
  31  7:51  Zergling x2  
  31  7:54  Drone  
  31  7:55  Drone  
  33  8:00  Drone  
  33  8:01  Hydralisk  
  33  8:11  Drone  
  31  8:18  Zergling x2  
  30  8:28  Roach, Spine Crawler  
  28  8:37  Hydralisk  
  29  8:43  Zergling x2  
  29  8:48  Roach  
  31  8:53  Roach  
  31  8:55  Pneumatized Carapace  
  33  8:58  Roach  
  33  8:59  Infestation Pit  
  33  9:02  Hydralisk  
  31  9:07  Hydralisk  
  34  9:12  Hydralisk  
  31  9:18  Drone  
  32  9:26  Roach  
  30  9:31  Roach  
  30  9:36  Swarm Host  
  32  9:42  Hydralisk  
  29  10:19  Zergling x2  
  28  10:23  Drone  
  28  10:24  Roach  
  26  10:30  Roach  
  26  10:34  Hydralisk  
  29  10:48  Drone  
  28  10:58  Roach  
  28  11:00  Drone  
  28  11:03  Roach  
  28  11:07  Hydralisk  
  27  11:14  Drone  
  28  11:22  Drone  
  23  11:34  Roach  
  23  11:46  Roach  
  23  12:00  Roach  
  19  12:18  Roach  
  19  12:30  Drone  
  18  12:42  Drone  
  16  12:54  Drone  
  16  13:07  Drone  
  15  13:22  Drone  
  15  13:35  Drone  
  16  13:47  Drone  
  17  14:00  Drone  
  16  14:12  Drone  
  16  14:25  Drone  
  15  14:38  Drone  
  16  14:52  Drone  
  16  15:06  Drone  
  15  15:17  Drone  
  15  15:31  Drone  
  15  15:44  Drone  
  15  15:57  Drone  
  16  16:10  Drone  
  16  16:23  Drone  
  15  16:36  Drone  
  15  16:49  Drone  
  15  17:00  Drone  
  14  17:13  Drone  
  15  17:25  Drone  
  16  17:38  Drone  
  4  17:52  Drone  
Tags
 
Matchup
PvZ
Opening
Pool Only
Spawn Locations
Cross Positions
Add a new tag
Caveats
  • Supply blocks, unpowered buildings, or Contaminate may cause inaccurate times.
  • Supply counts are checked every 10 seconds.